 Dungeon Crawl Stone Soup version 0.19-a0-462-g6140235 (webtiles) character file.

499 Bronet the Chopper (level 6, 0/75 HPs)
             Began as a Demonspawn Gladiator on June 3, 2016.
             Was an Initiate of Okawaru.
             Succumbed to a gnoll's poison
             ... on level 4 of the Dungeon.
             The game lasted 00:09:51 (3295 turns).

Bronet the Chopper (Demonspawn Gladiator)           Turns: 3295, Time: 00:09:52

Health: 0/75       AC: 23    Str: 16    XL:     6   Next: 94%
Magic:  6/6        EV:  2    Int: 10    God:    Okawaru [......]
Gold:   166        SH:  0    Dex: 14    Spells: 0 memorised, 5 levels left

rFire  . . .     SeeInvis .     a - +0 war axe
rCold  . . .     Gourm    .     (armour currently unavailable)
rNeg   + + +     Faith    .     (no shield)
rPois  +         Spirit   .     (helmet currently unavailable)
rElec  .         Dismiss  .     (cloak currently unavailable)
rCorr  .         Reflect  .     (gloves currently unavailable)
SustAt .         Harm     .     (boots currently unavailable)
MR     +....     NoTele   +     (no amulet)
Stlth  ++++......               (no ring)
                                k - ring of protection from magic

@: lethally poisoned (0 -> -10), tree-form, somewhat resistant to hostile
enchantments, stealthy
A: (slimy green scales 0), nightstalker 2
a: Renounce Religion


You were on level 4 of the Dungeon.
You worshipped Okawaru.
Okawaru was noncommittal.
You were not hungry.
You were a tree.
You visited 1 branch of the dungeon, and saw 4 of its levels.

You collected 166 gold pieces.

Inventory:

Hand Weapons
 a - a +0 war axe (weapon)
Armour
 b - a +0 leather armour
 c - a +0 helmet (melded)
 n - a +1 scale mail of cold resistance (melded)
Jewellery
 k - a ring of protection from magic (left branch)
 s - a cursed ring of loudness
Scrolls
 d - a scroll of fear {unknown}
 g - 4 scrolls of identify
 l - 2 scrolls of enchant weapon {unknown}
 m - 3 scrolls of teleportation {unknown}
 o - 2 scrolls of amnesia {unknown}
 q - 2 scrolls of remove curse {unknown}
 r - a scroll of enchant armour {unknown}
Potions
 h - a potion of heal wounds {unknown}
 j - 3 potions of curing {unknown}
 p - a potion of brilliance {unknown}
 t - a potion of experience {unknown}
 u - a potion of cure mutation {unknown}
Comestibles
 i - a fruit


   Skills:
 + Level 4.8 Fighting
 + Level 5.5 Axes
 + Level 2.4 Throwing
 - Level 2.7 Dodging
 - Level 0.6 Stealth


You had 5 spell levels left.
You didn't know any spells.

Dungeon Overview and Level Annotations

Branches:
Dungeon (4/15)
 Temple: D:4-7

Altars:
Fedhas
Kikubaaqudgha
Okawaru
Pakellas
Sif Muna
Xom

Annotations:
D:3 Purgy, Terence


Innate Abilities, Weirdness & Mutations

((You are mostly covered in slimy green scales. (AC +3)))
You are significantly more attuned to the shadows.


Message History

You turn into a tree.
Your +0 helmet melds into your body.
Your +1 scale mail of cold resistance melds into your body.
You feel less resistant to cold.
Your roots penetrate the ground.
* * * LOW HITPOINT WARNING * * *
You feel sick. The gnoll hits you with a halberd!
* * * LOW HITPOINT WARNING * * *
You slash the gnoll!
The gnoll is severely wounded.
* * * LOW HITPOINT WARNING * * *
You feel sick.
The gnoll hits you from afar with a halberd of venom.
* * * LOW HITPOINT WARNING * * *
The gnoll hits you but does no damage.
You closely miss the gnoll.
The gnoll is severely wounded.
* * * LOW HITPOINT WARNING * * *
You feel sick.
The gnoll hits you but does no damage. x2
You barely miss the gnoll.
The gnoll is heavily wounded.
You die...

........# .# #.
##.####.##
###.### #.
#.####.# #......
## #......# #(#
..####.####(#.##
#.....##.#..#
#...>.##.##.# #
#.....##.##.##.#
#.....##.♣gg...#
##.....#####.####
.......# #.#
.#####.# #.##
####.# #..#
.##..#.# ##g#
.....#.# #.#
.......######.#
####..........#


You could see 2 gnolls.

Vanquished Creatures
  Grinder (D:4)
  An orc priest (D:4)
  3 orc wizards (D:4)
  2 iguanas (D:4)
  A howler monkey skeleton (D:4)
  2 gnolls
  6 adders
  A worm (D:2)
  A dart slug (D:2)
  4 giant geckos
  3 orcs (D:4)
  A ball python (D:2)
  2 giant cockroaches
  7 hobgoblins
  2 jackals (D:2)
  5 bats
  A giant gecko skeleton (D:4)
  A giant newt (D:2)
  8 goblins
  7 kobolds
  7 rats
66 creatures vanquished.

Notes
Turn   | Place    | Note
--------------------------------------------------------------
     0 | D:1      | Bronet the Demonspawn Gladiator began the quest for the Orb.
     0 | D:1      | Reached XP level 1. HP: 16/16 MP: 1/1
   200 | D:1      | Reached skill level 3 in Axes
   249 | D:1      | Gained mutation: You are slightly more attuned to the shadows. [demonic ancestry]
   249 | D:1      | Reached XP level 2. HP: 6/22 MP: 2/2
  1013 | D:2      | Reached XP level 3. HP: 28/28 MP: 3/3
  1236 | D:2      | Found an ancient bone altar of Kikubaaqudgha.
  1627 | D:2      | Gained mutation: You are partially covered in slimy green scales. (AC +2) [demonic ancestry]
  1627 | D:2      | Reached XP level 4. HP: 30/34 MP: 4/4
  1944 | D:2      | Found a deep blue altar of Sif Muna.
  2206 | D:3      | Noticed Terence
  2210 | D:3      | Noticed Purgy
  2234 | D:4      | Reached skill level 4 in Axes
  2323 | D:4      | Gained mutation: You are mostly covered in slimy green scales. (AC +3) [demonic ancestry]
  2323 | D:4      | Reached XP level 5. HP: 21/41 MP: 5/5
  2481 | D:4      | Found a blossoming altar of Fedhas.
  2965 | D:4      | Gained mutation: You are significantly more attuned to the shadows. [demonic ancestry]
  2965 | D:4      | Reached XP level 6. HP: 40/48 MP: 6/6
  2998 | D:4      | Found an iron altar of Okawaru.
  2998 | D:4      | Noticed Grinder
  3004 | D:4      | Paralysed by Grinder for 6 turns
  3037 | D:4      | Killed Grinder
  3037 | D:4      | Reached skill level 5 in Axes
  3043 | D:4      | Became a worshipper of Warmaster Okawaru
  3047 | D:4      | Found a shimmering altar of Xom.
  3116 | D:4      | Found an oddly glowing altar of Pakellas.
  3293 | D:4      | HP: 3/75 [gnoll/halberd of venom (1)]
  3295 | D:4      | Succumbed to a gnoll's poison

Vault maps used:
D:1:      dpeg_arrival_tiny_b
D:2:      lemuel_doored_altar, led_sif_pool
D:3:      uniq_terence, uniq_purgy
D:4:      overflow_temple_1_default, grunt_temple_overflow_diamond,
          minmay_liquid_box, uniq_grinder

Skill      XL: |  1  2  3  4  5  6 |
---------------+-------------------+-----
Axes           | 3 4 5 |  5.5
Throwing       | 2 |  2.4
Fighting       | 3 4 |  4.8
Dodging        | |  2.7
Stealth        | |  0.6

Action                   |  1- 3 |  4- 6 || total
-------------------------+-------+-------++-------
Melee: War axe           |   114 |   169 ||   283
Throw: Throwing net      |     3 |     6 ||     9
  Use: Scroll            |     2 |     1 ||     3
       Potion            |       |     3 ||     3
 Stab: Sleeping          |     5 |     1 ||     6
       Held in net/web   |     1 |       ||     1
  Eat: Chunk             |     2 |       ||     2
       Bread ration      |       |     1 ||     1
       Fruit             |       |     2 ||     2
Armor: Leather armour    |    21 |       ||    21
       Scale mail        |    30 |    85 ||   115
       Skin              |       |    20 ||    20
Dodge: Dodged            |    69 |    94 ||   163
